 Dungeon Crawl Stone Soup version 0.28-a0-1506-g3893175d92 (webtiles) character file.

Game seed: 3357101187796478467

774 tatocazan the Covered (level 7, -2/44 HPs)
             Began as a Gargoyle Fighter on Jan 14, 2022.
             Was an Initiate of Makhleb.
             Slain by an orc (4 damage)
             ... on level 5 of the Dungeon.
             The game lasted 00:06:34 (4999 turns).

tatocazan the Covered (Gargoyle Fighter)            Turns: 4999, Time: 00:06:35

Health: -2/44      AC: 15    Str: 22    XL:     7   Next: 84%
Magic:  7/7        EV:  8    Int:  8    God:    Makhleb [......]
Gold:   128        SH:  0    Dex:  9    Spells: 6/6 levels left

rFire   . . .      SeeInvis .   a - +0 flail
rCold   . . .      Faith    .   g - +0 tower shield
rNeg    + + .      Spirit   .   m - +1 chain mail {rN+}
rPois   ∞          Reflect  .   (no helmet)
rElec   +          Harm     .   (no cloak)
rCorr   .          Rampage  .   (no gloves)
Will    .....                   (no boots)
Stlth   ..........              (no amulet)
HPRegen 0.14/turn               f - +4 ring of evasion
MPRegen 0.10/turn               (no ring)

@: confused
A: sickness immunity, AC +4, negative energy resistance 1, electricity
resistance, torment resistance 1, petrification resistance
a: Renounce Religion


You were on level 5 of the Dungeon.
You worshipped Makhleb.
Makhleb was noncommittal.
You visited 2 branches of the dungeon, and saw 6 of its levels.
You also visited: Ossuary.

You collected 128 gold pieces.

Inventory:

Hand Weapons
 a - a +0 flail (weapon)
Missiles
 k - a throwing net (quivered)
Armour
 c - a +0 buckler
 g - a +0 tower shield (worn)
 m - a +1 chain mail of positive energy (worn)
Jewellery
 f - a +4 ring of evasion (left hand)
Wands
 e - a wand of digging (4)
 p - a wand of paralysis (9)
Scrolls
 i - 5 scrolls of identify
 j - 2 scrolls of teleportation
 n - a scroll of enchant armour {unknown}
 q - a scroll of holy word {unknown}
Potions
 b - 2 potions of brilliance {unknown}
 d - 2 potions of might
 l - 2 potions of curing
 o - 2 potions of lignification {unknown}


   Skills:
 + Level 5.1 Fighting
 * Level 5.2 Maces & Flails
 + Level 5.3 Armour
 - Level 1.6 Dodging
 * Level 5.0 Shields
 + Level 0.4 Invocations


You had 6 spell levels left.
You didn't know any spells.
Your spell library was empty.

Dungeon Overview and Level Annotations

Branches:
Dungeon (5/15)             Temple (1/1) D:4         Ossuary (visited)

Altars:
Ashenzari
Dithmenos
Elyvilon
Gozag
Kikubaaqudgha
Makhleb
Nemelex Xobeh
Okawaru
Qazlal
Ru
Sif Muna
Uskayaw
Vehumet
Xom
Yredelemnul
Zin
The Shining One


Innate Abilities, Weirdness & Mutations

You are immune to sickness and miasma.
Your stone body is resilient. (AC +4)
You are immune to poison.
You resist negative energy. (rN+)
You are resistant to electric shocks. (rElec)
You are resistant to unholy torment.
You are immune to petrification.


Message History

Something hits you but does no damage.
You hear some strange, mumbled words.
A puff of flame appears from out of thin air!
The puff of flame hits you! The orc hits you with a +0 short sword.
The orc hits you with a +0 dagger.
You regained 16 hp, and now have 25/44 hp.
You thump something! The orc hits you with a +0 hand axe. Something hits you.
You hear some strange, mumbled words.
Something tries to affect you, but you resist.
You block the orc's attack. The orc hits you but does no damage. x2
Something hits you but does no damage.
You take 5 damage, and have 20/44 hp.
You sock something! Makhleb accepts your kill.
Reactivating autopickup.
You feel a bit more experienced.
You hear some strange, mumbled words.
Deactivating autopickup; reactivate with Ctrl-A.
You are confused.
The orc hits you with a +0 short sword. The orc hits you but does no damage. x3
You hear some strange, mumbled words.
A magic dart appears from out of thin air!
The magic dart hits you but does no damage.
You take 2 damage, and have 18/44 hp.
You barely miss the orc. The orc hits you with a +0 dagger.
The orc barely misses you.
You hear some strange, mumbled words.
You are more confused.
The orc closely misses you. The orc hits you but does no damage.
The orc barely misses you.
You take 3 damage, and have 15/44 hp.
The orc closely misses you. The orc misses you.
You hit the orc but do no damage. Something hits you but does no damage.
The orc hits you but does no damage. The orc barely misses you.
You hear some strange, mumbled words.
A puff of flame appears from out of thin air!
The puff of flame hits you!
* * * LOW HITPOINT WARNING * * *
The orc hits you with a +0 short sword.
You die...

##...## #.# #.#
#######.#####.# #.#
..............# #.#
#######.####### #.# ##'##
####.### ##...## #.......
##.....## #.......
##)o.....## ##.......
#.){@.....###........
.......oo................
.###...........##........
#.#.......#.##........
#.##.....##.##.###.### #
##...###.##......# ##+##
#.######..# #.####.###
#..# #........####..#


You could see 3 orcs.

Vanquished Creatures
  Pargi (D:3)
  A centaur (D:4)
  A phantom (D:4)
  A scorpion (D:4)
  2 hounds
  An orc priest (D:5)
  A jelly (D:4)
  Jessica (D:2)
  A bullfrog skeleton (D:4)
  Natasha (thrice) (D:2)
  2 orc wizards
  A mummy (Ossuary)
  An adder (D:3)
  An adder skeleton (D:4)
  4 worms (D:4)
  3 dart slugs
  4 orcs
  4 spectral bats (Ossuary)
  13 ball pythons
  6 bats
  4 endoplasms
  4 giant cockroaches
  12 gnoll zombies (Ossuary)
  12 goblins
  4 hobgoblins
  8 jackals (D:4)
  5 kobolds
  6 quokkas
  4 bat simulacra (Ossuary)
  4 frilled lizards
  6 goblin simulacra (Ossuary)
  4 goblin zombies (Ossuary)
  4 hobgoblin zombies (Ossuary)
  5 kobold simulacra (Ossuary)
  4 kobold zombies (Ossuary)
  6 orc zombies (Ossuary)
  6 rats
  2 rat simulacra (Ossuary)
  3 spectral kobolds (Ossuary)
  2 spectral rats (Ossuary)
157 creatures vanquished.

Notes
Turn   | Place    | Note
-------+----------+-------------------------------------------
     0 | D:1      | tatocazan the Gargoyle Fighter began the quest for the Orb.
     0 | D:1      | Reached XP level 1. HP: 14/14 MP: 1/1
    20 | D:1      | Found a faded altar of an unknown god.
    48 | D:1      | Reached XP level 2. HP: 13/19 MP: 2/2
   637 | D:1      | Reached XP level 3. HP: 23/23 MP: 3/3
   879 | D:2      | Noticed Natasha
   890 | D:2      | Killed Natasha
   891 | D:2      | Reached XP level 4. HP: 7/29 MP: 4/4
  1138 | D:2      | Noticed Natasha
  1149 | D:2      | Killed Natasha
  1237 | D:2      | Noticed Natasha
  1252 | D:2      | Killed Natasha
  1513 | D:2      | Noticed Jessica
  1520 | D:2      | Killed Jessica
  1521 | D:2      | Reached XP level 5. HP: 33/33 MP: 5/5
  1894 | D:3      | Noticed Pargi
  1918 | D:3      | Killed Pargi
  1919 | D:3      | Reached skill level 1 in Dodging
  1919 | D:3      | Reached XP level 6. HP: 23/39 MP: 6/6
  2601 | D:3      | Found a glowing silver altar of Zin.
  2902 | D:4      | Found a staircase to the Ecumenical Temple.
  3319 | D:4      | Found a sand-covered staircase.
  3332 | Ossuary  | Entered an ossuary
  3442 | Ossuary  | Reached XP level 7. HP: 44/44 MP: 7/7
  3685 | Ossuary  | Reached skill level 5 in Armour
  4329 | D:4      | Found an iron altar of Okawaru.
  4330 | D:4      | Found a shadowy altar of Dithmenos.
  4343 | D:4      | Reached skill level 5 in Fighting
  4454 | D:4      | Reached skill level 5 in Maces & Flails
  4750 | Temple   | Entered the Ecumenical Temple
  4841 | Temple   | Became a worshipper of Makhleb the Destroyer
  4877 | D:5      | Entered Level 5 of the Dungeon
  4992 | D:5      | Reached skill level 5 in Shields
  4999 | D:5      | HP: 2/44 [something/puff of flame (13)]
  4999 | D:5      | Slain by an orc

Illustrated notes

Levels and vault maps discovered:
D:1:      saegor_arrival_miasma, layout_basic, ebering_ecumenical_altar_webs,
          corexii_item_surrounded_by_moat
D:2:      layout_rooms, serial_corexii_hall, corexii_hall_statues_i,
          chequers_hall_statues_wall_a, uniq_jessica, uniq_natasha
D:3:      kennysheep_the_goblin_king, layout_basic,
          mainiacjoe_overflow_boulevard, uniq_pargi
D:4:      layout_basic, gammafunk_temple_overflow_pools,
          minmay_temple_entry_gardened_gates, enter_ossuary_1,
          skrybe_limestone_x, nicolae_wormholes
D:5:      layout_loops_corners
Temple:   nicolae_temple_great_sept

Skill      XL: |  1  2  3  4  5  6  7 |
---------------+----------------------+-----
Fighting       | 4 5 |  5.1
Armour         | 4 5 |  5.3
Shields        | 4 5 |  5.0
Maces & Flails | 3 4 5 |  5.2
Dodging        | 1 |  1.6
Invocations    | |  0.4

Action                   |  1- 3 |  4- 6 |  7- 9 || total
-------------------------+-------+-------+-------++-------
Melee: Flail             |   115 |   246 |   220 ||   581
  Use: Potion            |       |     3 |     1 ||     4
       Scroll            |       |     6 |       ||     6
Armor: Scale mail        |    57 |    56 |       ||   113
       Chain mail        |       |    89 |   160 ||   249
Dodge: Dodged            |   105 |   184 |   107 ||   396
Block: Buckler           |    29 |    47 |       ||    76
       Tower shield      |       |    92 |   189 ||   281

Table legend: (Time is in decaauts)
 A = Elapsed time spent in this place.
 B = Non-inter-level travel time spent in this place.
 C = Inter-level travel time spent in this place.
 D = Time resting spent in this place.
 E = Time spent auto-exploring this place.
 F = Levels seen in this place.
 G = Mean time per level.
                   A        B        C        D        E       F      G
               +--------+--------+--------+--------+--------+-----+--------+
         Total |   5244 |   5151 |     93 |    723 |   3080 |   7 |  749.1 |
       Dungeon |   4587 |   4503 |     84 |    723 |   2808 |   5 |  917.4 |
        Temple |    101 |     92 |      9 |      0 |     42 |   1 |  101.0 |
       Ossuary |    554 |    554 |      0 |      0 |    230 |   1 |  554.0 |
               +--------+--------+--------+--------+--------+-----+--------+

Top non-repeatable levels by time:
     D:4: 1649 daAuts
     D:2: 1137 daAuts
     D:3: 871 daAuts
     D:1: 795 daAuts
 Ossuary: 554 daAuts
     D:5: 134 daAuts
  Temple: 101 daAuts
